AoeStats
← tboss

Arena

510967918Analyzed
4v4 RM · 5h ago on Oct 3, 2026· 48m 58s· 8 players
Game mode
Random Map
Map size
Large (8 player)
Population
200
Speed
Normal
Resources
Standard
Victory
Conquest
Starting age
Dark Age
Ending age
Imperial Age
RankedLock teamsTeams togetherTeam positionsShared explorationLock speedFull tech treeHidden civsTurbo modeCheats
Victory
Defeat
🇵🇱 Bohemians · Poland
1052
+17
🇨🇦 Ethiopians · Canada
1030
+18
🇨🇳 Portuguese · China
1013
+19
🇺🇸 Goths · United States
983
+21
🇹🇼 Khitans · Taiwan
1108
-20
🇦🇺 Bohemians · Australia
1093
-19
🇵🇱 Saxons · Poland
1069
-18
🇵🇱 Spanish · Poland
1049
-18
tboss
0:29 Loom
10:47 Feudal Age
14:42 Castle Age
12:57 Double-Bit Axe
12:53 Horse Collar
15:51 Bow Saw
19:30 Town Watch
20:33 Fortified Wall
22:18 Wheelbarrow
22:16 Ballistics
24:07 Hand Cart
27:23 Murder Holes
30:21 Imperial Age
28:12 Gold Mining
32:05 Chemistry
31:06 Torsion Engines
31:56 Town Patrol
33:02 Chemistry
31:39 Heavy Scorpion
32:43 Heavy Plow
33:34 Siege Engineers
36:31 Two-Man Saw
雙手劍兵
0:44 Loom
11:14 Feudal Age
15:10 Castle Age
14:48 Double-Bit Axe
16:56 Bow Saw
16:57 Horse Collar
21:54 Heavy Plow
23:26 Wheelbarrow
24:36 Hand Cart
29:39 Imperial Age
27:12 Gold Mining
27:14 Stone Mining
28:20 Forging
28:10 Scale Mail Armor
28:23 Masonry
29:01 Stone Shaft Mining
28:33 Pikeman
29:13 Squires
29:20 Squires
30:00 Iron Casting
29:40 Chain Mail Armor
29:56 Halberdier
31:13 Conscription
31:56 Blast Furnace
31:58 Chemistry
32:25 Architecture
32:36 Anarchy
32:37 Perfusion
37:29 Town Watch
41:08 Two-Man Saw
Doodo
7:49 Loom
9:34 Feudal Age
12:12 Double-Bit Axe
14:55 Castle Age
27:00 Imperial Age
39:13 Chemistry
39:05 Bow Saw
40:04 Fortified Wall
43:42 Elite Organ Gun
45:20 Arquebus
44:49 Pikeman
46:06 Conscription
46:36 Fletching
46:47 Padded Archer Armor
49:06 Bombard Tower
49:08 Ballistics
48:45 Murder Holes
48:31 Treadmill Crane
49:00 Siege Engineers
48:53 Bodkin Arrow
Player
11:04 Feudal Age
14:54 Castle Age
13:03 Double-Bit Axe
13:34 Horse Collar
16:34 Bow Saw
17:09 Fervor
19:29 Sanctity
22:24 Caravan
22:41 Loom
23:32 Wheelbarrow
25:02 Hand Cart
25:05 Heavy Plow
25:51 Town Watch
29:07 Imperial Age
30:17 Chemistry
29:28 Padded Archer Armor
29:01 Pikeman
30:08 Houfnice
32:02 Leather Archer Armor
31:37 Fletching
32:15 Wagenburg Tactics
37:08 Conscription
42:45 Bodkin Arrow
43:20 Ring Archer Armor
42:59 Siege Engineers
44:10 Fortified Wall
44:12 Elite Hussite Wagon
47:49 Squires
47:35 Arson
47:56 Bracer
48:06 Forging
47:57 Scale Mail Armor
SpartaninPL
0:49 Loom
11:35 Feudal Age
12:25 Double-Bit Axe
12:55 Horse Collar
17:15 Castle Age
18:14 Gambesons
23:02 Squires
24:40 Wheelbarrow
26:21 Forging
26:52 Fletching
30:25 Hand Cart
35:02 Imperial Age
33:26 Bodkin Arrow
33:46 Bow Saw
33:39 Heavy Plow
37:30 Redemption
39:07 Block Printing
38:48 Elite Varangian Guard
40:36 Iron Casting
hyperghost
7:27 Loom
10:25 Feudal Age
11:07 Double-Bit Axe
11:54 Horse Collar
16:29 Castle Age
18:08 Bow Saw
20:20 Wheelbarrow
20:03 Fervor
21:30 Heavy Plow
23:03 Sanctity
25:46 Chemistry
26:46 Hand Cart
31:50 Imperial Age
29:58 Padded Archer Armor
31:49 Leather Archer Armor
32:40 Ballistics
33:05 Ring Archer Armor
33:05 Conscription
33:09 Siege Engineers
34:13 Wagenburg Tactics
34:01 Houfnice
35:06 Fletching
34:40 Pikeman
35:21 Squires
35:22 Scale Mail Armor
37:37 Fortified Wall
37:29 Halberdier
38:27 Chain Mail Armor
38:24 Forging
42:49 Plate Mail Armor
42:55 Iron Casting
42:17 Bodkin Arrow
43:41 Two-Man Saw
48:13 Caravan
Not.ACCM
10:36 Feudal Age
14:12 Castle Age
12:20 Double-Bit Axe
13:49 Domestication
15:11 Bow Saw
18:02 Wheelbarrow
19:17 Stone Mining
19:18 Town Watch
20:37 Stone Shaft Mining
20:27 Hand Cart
22:14 Gold Mining
23:42 Loom
28:10 Imperial Age
26:01 Husbandry
27:16 Forging
27:39 Scale Barding Armor
29:16 Iron Casting
29:29 Chain Barding Armor
29:11 Elite Steppe Lancer
30:49 Pastoralism
32:06 Light Cavalry
32:46 Fletching
34:52 Hussar
37:38 Plate Barding Armor
42:18 Transhumance
47:08 Two-Man Saw
Special Air (SAS)
11:05 Feudal Age
16:42 Castle Age
16:45 Horse Collar
16:54 Double-Bit Axe
19:55 Wheelbarrow
20:45 Bow Saw
27:49 Imperial Age
26:35 Heavy Plow
26:48 Bow Saw
26:37 Gold Mining
31:30 Two-Man Saw
30:53 Hand Cart
30:31 Stone Mining
32:05 Loom
34:15 Elite Conquistador
36:20 Padded Archer Armor
37:07 Stone Shaft Mining
38:41 Forging
38:31 Scale Mail Armor
37:58 Man-at-Arms
38:40 Squires
38:28 Arson
40:50 Long Swordsman
41:18 Gambesons
43:55 Chemistry
43:56 Fortified Wall
43:28 Two-Handed Swordsman
44:52 Conscription
44:15 Champion
46:12 Iron Casting
45:53 Chain Mail Armor
49:21 Blast Furnace
48:52 Plate Mail Armor
48:38 Leather Archer Armor
Connection lost

Rejoining the realm…

Still unreachable

The connection could not be restored.

Session expired

The server has moved on; the page needs a fresh start.